 Dungeon Crawl Stone Soup version 0.16-a0-3122-gccf308e (webtiles) character file.

202 myeffort the Ogre Mage (level 5, -3/45 HPs)
             Began as an Ogre Wizard on Dec 13, 2014.
             Slain by a gnoll (8 damage)
             ... on level 4 of the Dungeon.
             The game lasted 00:06:32 (2922 turns).

myeffort the Ogre Mage (Ogre Wizard)                Turns: 2922, Time: 00:06:33

Health: -3/45      AC:  3    Str: 13    XL:     5   Next: 80%
Magic:  12/18      EV:  9    Int: 17    God:
Gold:   186        SH:  0    Dex:  8    Spells: 6 memorised, 4 levels left

rFire  . . .     SeeInvis .     m - +1 mace (holy)
rCold  . . .     Clarity  .     a - +0 robe
rNeg   . . .     SustAb   .     (shield restricted)
rPois  .         Gourm    .     b - +0 hat
rElec  .         Spirit   .     (no cloak)
rCorr  .         Warding  .     (gloves unavailable)
rMut   .         Stasis   .     (boots unavailable)
MR     .....                    (no amulet)
Stlth  +.........               (no ring)
                                (no ring)

@: very slightly contaminated, not resistant to hostile enchantments, very
unstealthy
A: unfitting armour, tough skin 1
a: no special abilities


You were on level 4 of the Dungeon.
You were not hungry.

You visited 1 branch of the dungeon, and saw 4 of its levels.

You collected 186 gold pieces.

Inventory:

Hand weapons
 e - a +1 short sword of venom
 h - a +0 blowgun
 l - a +0 spear
 m - a +1 mace of holy wrath (weapon)
Missiles
 j - 29 poisoned needles
Armour
 a - a +0 robe (worn)
 b - a +0 hat (worn)
Jewellery
 q - an uncursed ring of magical power {unknown}
Scrolls
 g - a scroll of magic mapping {unknown}
 k - 2 scrolls of teleportation {unknown}
 n - 6 scrolls of identify {unknown}
 o - 2 scrolls of immolation {unknown}
 r - a scroll of fear {unknown}
 s - 2 scrolls of remove curse {unknown}
Potions
 i - 2 potions of curing
 p - a potion of might {unknown}
Books
 c - a book of Minor Magic

   Spells                             Type                      Level
   a - Magic Dart                     Conjuration                  1
   b - Blink                          Translocation                2
   c - Call Imp                       Summoning                    2
   d - Repel Missiles                 Charms/Air                   2
   e - Slow                           Hexes                        2
   f - Conjure Flame                  Conjuration/Fire             3
   g - Mephitic Cloud                 Conjuration/Poison/Air       3
Comestibles
 d - 3 meat rations
 f - 3 bread rations
 t - a royal jelly


   Skills:
 - Level 1.7 Dodging
 - Level 1.5 Stealth
 + Level 6.6 Spellcasting
 + Level 1.3 Conjurations
 - Level 0.6 Summonings
 - Level 0.6 Translocations
 + Level 0.7 Air Magic


You had 4 spell levels left.
You knew the following spells:

 Your Spells              Type           Power        Failure   Level  Hunger
a - Magic Dart            Conj           ##..         10%         1    None
b - Call Imp              Summ           #.......     17%         2    None
c - Blink                 Tloc           N/A          17%         2    None
d - Repel Missiles        Chrm/Air       #.....       17%         2    None
e - Mephitic Cloud        Conj/Pois/Air  #.......     30%         3    ##.....
f - Conjure Flame         Conj/Fire      #.......     30%         3    ##.....


Dungeon Overview and Level Annotations

Branches:
Dungeon (4/15)
 Temple: D:4-7

Altars:
Ru
Sif Muna


Innate Abilities, Weirdness & Mutations

You are too large for most types of armour.
You have tough skin (AC +1).


Message History

Your crimson imp closely misses the gnoll.
You hit the gnoll but do no damage. The gnoll hits you!
Your crimson imp hits the gnoll.
The gnoll hits you.
* * * LOW HITPOINT WARNING * * *
You hit the gnoll but do no damage.
Your crimson imp hits the gnoll.
The gnoll closely misses you.
Your crimson imp hits the gnoll.
The gnoll misses something.
Casting: Call Imp
Confirm with . or Enter, or press ? or * to list all spells.
You miscast Call Imp.
You are very lightly contaminated with residual magic.
Your head hurts.
The gnoll hits you.
* * * LOW HITPOINT WARNING * * *
Casting: Call Imp
Confirm with . or Enter, or press ? or * to list all spells.
You miscast Call Imp.
Distant voices call out to you!
Your crimson imp disappears in a puff of smoke!
The gnoll hits you!
You die...

#### ###### #####
##≈.P##....####...#
##.l.bP#.##........#
#..#####.#######...###
#≈≈#.....##.Sgg@.....###########
#≈≈#.....##§#####...............
#≈≈#.....##)# ####.#######.##.
#≈≈########.# #.# #.##. ##≈.≈.b#
#S# #.# #.##. ##≈≈≈## .g. ###
####. #### ..5 #. ... #. ##.#.
..


You could see 2 gnolls and an adder.

Vanquished Creatures
  An orc wizard (D:4)
  Ijyb (D:3)
  A hound skeleton (D:4)
  6 adders
  An adder skeleton (D:4)
  3 giant geckos
  An ooze (D:1)
  An orc (D:3)
  A ball python (D:3)
  A giant cockroach (D:2)
  3 goblins
  10 hobgoblins
  7 kobolds
  A quokka (D:3)
  8 bats
  6 giant newts
  5 jackals (D:2)
  10 rats
67 creatures vanquished.

Vanquished Creatures (collateral kills)
  3 adders
  A worm (D:3)
  4 orcs (D:3)
  A giant cockroach (D:3)
  A hobgoblin (D:3)
  2 bats
  A giant newt (D:3)
13 creatures vanquished.

Vanquished Creatures (others)
  A fungus (D:4)
1 creature vanquished.

Grand Total: 81 creatures vanquished

Notes
Turn   | Place    | Note
--------------------------------------------------------------
     0 | D:1      | myeffort, the Ogre Wizard, began the quest for the Orb.
     0 | D:1      | Reached XP level 1. HP: 16/16 MP: 4/4
   162 | D:1      | Reached skill level 4 in Spellcasting
   164 | D:1      | Reached XP level 2. HP: 13/24 MP: 5/7
   616 | D:1      | Learned a level 2 spell: Call Imp
  1179 | D:2      | Reached XP level 3. HP: 31/31 MP: 2/10
  1243 | D:2      | Reached skill level 5 in Spellcasting
  1537 | D:2      | Reached XP level 4. HP: 37/39 MP: 13/13
  1987 | D:3      | Reached skill level 6 in Spellcasting
  2407 | D:3      | Noticed Ijyb
  2418 | D:3      | Killed Ijyb
  2418 | D:3      | Reached XP level 5. HP: 40/45 MP: 17/17
  2451 | D:3      | Learned a level 2 spell: Blink
  2454 | D:3      | Learned a level 2 spell: Repel Missiles
  2458 | D:3      | Learned a level 3 spell: Mephitic Cloud
  2462 | D:3      | Learned a level 3 spell: Conjure Flame
  2488 | D:3      | Reached skill level 1 in Conjurations
  2695 | D:4      | Found a deep blue altar of Sif Muna.
  2778 | D:4      | Found a sacrificial altar of Ru.
  2922 | D:4      | Slain by a gnoll

Action                   |  1- 3 |  4- 6 || total
-------------------------+-------+-------++-------
Melee: Short sword       |   108 |    61 ||   169
       Mace              |       |    69 ||    69
 Fire: Blowgun           |       |     5 ||     5
 Cast: Magic Dart        |    11 |     9 ||    20
       Call Imp          |     2 |    24 ||    26
  Use: Potion            |       |     3 ||     3
 Stab: Sleeping          |     1 |       ||     1
       Paralysed         |       |     1 ||     1
  Eat: Chunk             |     2 |     5 ||     7
